[Event "Team 45 45 League T56"]
[Site "Internet Chess Club"]
[Date "2013.02.27"]
[Round "2"]
[White "clarinetref"]
[Black "rubo"]
[Result "0-1"]
[WhiteElo "1653"]
[BlackElo "1713"]
[Opening "Réti opening"]
[ECO "A05"]
[Time "21:33:48"]
[TimeControl "2700+45"]

1. Nf3 Nf6 2. b3 g6 3. Bb2 Bg7 4. g3 c5 5. c4 Nc6 6. Bg2 O-O 7. O-O d6 8. d4
cxd4 9. Nxd4 Bd7 10. h3 a6 11. Nc3 Re8 12. e3 Qc8 13. Kh2 Qc7 14. Rc1 Rac8 15.
Qd2 Qa5 16. a3 Qd8 17. b4 Nxd4 18. Qxd4 Ng4+ 19. Qxg4 Bxg4 20. hxg4 Rxc4 21.
Bxb7 Bxc3 22. Bxc3 Qc7 23. Bxa6 Rxc3 24. Ra1 Ra8 25. b5 Rxa6 26. bxa6 Qa5 27. a4
Qxa6 28. Rfb1 Qe2 29. Kg1 Rc2 30. Rf1 Ra2 {White resigns} 0-1

[Event "Team 45 45 League T56"]
[Site "Internet Chess Club"]
[Date "2013.03.02"]
[Round "2"]
[White "evan7284"]
[Black "tryanything"]
[Result "0-1"]
[WhiteElo "1649"]
[BlackElo "1546"]
[Opening "Torre attack (Tartakower variation)"]
[ECO "D03"]
[Time "04:01:20"]
[TimeControl "2700+45"]

1. d4 Nf6 2. Nf3 d5 3. Bg5 e6 4. Nbd2 Be7 5. e3 Nbd7 6. Bd3 c5 7. c3 h6 8. Bxf6
Nxf6 9. Ne5 O-O 10. O-O Qc7 11. f4 Nd7 12. Qh5 Nf6 13. Qh3 Bd7 14. Rf3 Be8 15.
Rg3 Kh8 16. Rf3 b5 17. g4 Ne4 18. Nxe4 dxe4 19. Bxe4 Rd8 20. g5 f5 21. gxh6 g6
22. Bc2 cxd4 23. exd4 Bf6 24. Bb3 Rd6 25. Qg3 Kh7 26. Kf2 Qe7 27. Rg1 Bh4 28.
Nxg6 Bxg6 {White resigns} 0-1

[Event "Team 45 45 League T56"]
[Site "Internet Chess Club"]
[Date "2013.03.04"]
[Round "2"]
[White "FlyingTiger"]
[Black "misuc56"]
[Result "1-0"]
[WhiteElo "1795"]
[BlackElo "1856"]
[Opening "Sicilian: closed"]
[ECO "B23"]
[Time "09:00:07"]
[TimeControl "2700+45"]

1. e4 c5 2. Nc3 d6 3. f4 Nc6 4. Bb5 g6 5. Bxc6+ bxc6 6. d3 Bg7 7. Nf3 Rb8 8. O-O
e6 9. Qe1 Ne7 10. Na4 Rb4 11. Nc3 O-O 12. Rb1 Bd7 13. b3 f5 14. e5 d5 15. Na4
Rb5 16. c4 Rb8 17. Nxc5 h6 18. Kh1 Bc8 19. Nd4 Kf7 20. Be3 Re8 21. Bg1 Bf8 22.
Qh4 Bg7 23. Rb2 Qc7 24. g4 fxg4 25. Qxg4 Nf5 26. Rg2 Kf8 27. Qxg6 Nxd4 28. Bxd4
Qf7 29. Rfg1 Re7 30. Na4 Qxg6 31. Rxg6 Rbb7 32. Bc5 Ke8 33. Bxe7 Rxe7 34. Rxg7
dxc4 35. Rxe7+ Kxe7 36. dxc4 {Black resigns} 1-0

[Event "Team 45 45 League T56"]
[Site "Internet Chess Club"]
[Date "2013.03.02"]
[Round "2"]
[White "WOLFSPELZ"]
[Black "krysto"]
[Result "1/2-1/2"]
[WhiteElo "1556"]
[BlackElo "1605"]
[Opening "Trompowsky attack (Ruth, Opocenský opening)"]
[ECO "A45"]
[Time "13:38:38"]
[TimeControl "2700+45"]

1. d4 Nf6 2. Bg5 Ne4 3. Bf4 g5 4. Bg3 Bg7 5. e3 h5 6. f3 Nxg3 7. hxg3 d5 8. c3
Nc6 9. Nd2 e6 10. Bd3 Qd6 11. Ne2 Bd7 12. Qc2 f5 13. O-O-O O-O-O 14. Nb3 Kb8 15.
Nc5 Bc8 16. f4 g4 17. Qa4 Rh6 18. Rh2 Rdh8 19. Rdh1 Bf6 20. b4 b6 21. Na6+ Kb7
22. Kd2 Bd7 23. Bb5 Nb8 24. Nxb8 Bxb5 25. Qxb5 Kxb8 26. a4 Kb7 27. Qd3 h4 28.
Ng1 Qd7 29. Qc2 Qh7 30. Ne2 h3 31. gxh3 gxh3 32. Qd1 Qg8 33. Qf1 Qg4 34. Kc2 Be7
35. Kb3 a6 36. Qf2 c6 37. Nc1 b5 38. a5 R8h7 39. Nd3 Bd6 40. Qf1 Qxg3 41. Qf2
Rg7 42. Nc5+ Bxc5 43. bxc5 Qxf2 44. Rxf2 Rg2 45. Rxg2 hxg2 46. Rg1 Rg6 47. Kc2
Kc7 48. Kd3 Kd7 49. Ke2 Ke7 50. Kf2 Kf6 51. Rxg2 Rg4 52. Rh2 Kg7 53. Rg2 Kg6 54.
Rh2 Kg7 55. Rg2 {Game drawn by mutual agreement} 1/2-1/2

[Event "Team 45 45 League T56"]
[Site "Internet Chess Club"]
[Date "2013.03.03"]
[Round "2"]
[White "PaulaR"]
[Black "supermessi"]
[Result "1-0"]
[WhiteElo "1606"]
[BlackElo "1604"]
[Opening "Sicilian"]
[ECO "B56"]
[Time "21:03:26"]
[TimeControl "2700+45"]

1. e4 c5 2. Nf3 d6 3. d4 cxd4 4. Nxd4 Nf6 5. Nc3 Nc6 6. Be3 e6 7. h3 Be7 8. Be2
O-O 9. O-O a6 10. f4 Qc7 11. g4 b5 12. Nxc6 Qxc6 13. Bf3 e5 14. f5 Nd7 15. Nd5
Bd8 16. g5 f6 17. g6 hxg6 18. fxg6 Re8 19. Bg2 Nf8 20. Qh5 Be6 21. c3 Bxd5 22.
exd5 Qd7 23. Be4 Re7 24. Bf5 Qe8 25. Kh2 b4 26. Rg1 Qb5 27. Rad1 bxc3 28. bxc3
Qb2+ 29. Bd2 Ba5 30. Rg4 Bxc3 31. Rh4 {Black resigns} 1-0

[Event "Team 45 45 League T56"]
[Site "Internet Chess Club"]
[Date "2013.03.01"]
[Round "2"]
[White "JohLeb"]
[Black "Berke"]
[Result "0-1"]
[WhiteElo "1354"]
[BlackElo "1507"]
[Opening "QGD: Cambridge Springs defense"]
[ECO "D52"]
[Time "13:00:31"]
[TimeControl "2700+45"]

1. d4 Nf6 2. c4 d5 3. Nc3 e6 4. Nf3 Nbd7 5. Bg5 c6 6. e3 Qa5 7. Bd3 Ne4 8. Bxe4
dxe4 9. Nd2 Qxg5 10. Ndxe4 Qxg2 11. Rf1 Bb4 12. Qc2 Qf3 13. Nd2 Bxc3 14. Qxc3
Qh5 15. e4 e5 16. Nf3 exd4 17. Nxd4 O-O 18. Nf5 Nf6 19. Rg1 Bxf5 20. Qxf6 Bg6
21. Qc3 b6 22. f3 Rad8 23. Rg2 Rfe8 24. Kf2 Qc5+ 25. Kf1 Qd4 26. Qxd4 Rxd4 27.
b3 Red8 28. Ke1 c5 29. Re2 Kf8 30. Kf2 Rd1 31. Rxd1 Rxd1 32. Ke3 Rd4 33. e5 Bh5
34. Rg2 g6 35. f4 Ke7 36. h4 Ke6 37. a3 h6 38. Rc2 Kf5 39. b4 Rxf4 40. bxc5 bxc5
41. Rd2 Re4+ 42. Kf2 Rd4 43. Rb2 Rxc4 44. Rb7 g5 45. Rxf7+ Bxf7 {White resigns}
0-1

[Event "Team 45 45 League T56"]
[Site "Internet Chess Club"]
[Date "2013.03.03"]
[Round "2"]
[White "sonoftill"]
[Black "alexping"]
[Result "1-0"]
[WhiteElo "2047"]
[BlackElo "1940"]
[Opening "French: King's Indian attack"]
[ECO "C00"]
[Time "11:00:29"]
[TimeControl "2700+45"]

1. e4 e6 2. d3 d5 3. Nd2 Nf6 4. Ngf3 Be7 5. g3 O-O 6. Bg2 dxe4 7. dxe4 Nbd7 8.
e5 Ng4 9. Qe2 f5 10. exf6 Ndxf6 11. O-O Bd6 12. Nc4 Bc5 13. Bg5 h6 14. Rad1 Qe7
15. Bxf6 gxf6 16. h3 Nxf2 17. Rxf2 Bxf2+ 18. Qxf2 a5 19. Qe3 Qg7 20. Nh4 Ra6 21.
Kh2 b5 22. Na3 Rb6 23. c4 bxc4 24. Nxc4 Rb4 25. b3 a4 26. Qc5 Rb8 27. Na5 axb3
28. Nc6 Rb6 29. Ne7+ Qxe7 30. Qxe7 bxa2 31. Ra1 Rb2 32. Qa3 {Black resigns} 1-0

[Event "Team 45 45 League T56"]
[Site "Internet Chess Club"]
[Date "2013.03.04"]
[Round "2"]
[White "bobhill"]
[Black "perikitosax"]
[Result "1-0"]
[WhiteElo "1900"]
[BlackElo "1971"]
[Opening "Queen's pawn game"]
[ECO "D02"]
[Time "15:13:09"]
[TimeControl "2700+45"]

1. d4 d5 2. Nf3 e6 3. Bg5 Be7 4. Bxe7 Qxe7 5. e3 Qb4+ 6. Nbd2 Qxb2 7. Bd3 Nf6 8.
O-O Nbd7 9. c4 Qa3 10. Qc2 c6 11. Rfe1 O-O 12. Ne5 Qd6 13. f4 b6 14. g4 g6 15.
g5 Nh5 16. Ndf3 c5 17. Ng4 Bb7 18. Nh6+ Kh8 19. Ne5 Nxe5 20. fxe5 Qd8 21. h4
dxc4 22. Bxc4 cxd4 23. Rf1 Qc7 24. exd4 Qc6 25. Kh2 Rac8 26. Rac1 Rc7 27. Qf2
Qd7 28. Bxe6 Qe7 29. Rxc7 Qxc7 30. Bg4 Qe7 31. Bxh5 gxh5 32. Nf5 Qe6 33. Nd6 Bd5
34. a3 Kg7 35. Qf6+ Kg8 36. Nf5 Qxf6 37. gxf6 Be6 38. Ne7+ Kh8 39. d5 Bg4 40.
Rc1 b5 41. Rc5 Be2 42. d6 {Black resigns} 1-0

[Event "Team 45 45 League T56"]
[Site "Internet Chess Club"]
[Date "2013.03.03"]
[Round "2"]
[White "bgolev"]
[Black "misuc56"]
[Result "1-0"]
[WhiteElo "1801"]
[BlackElo "1832"]
[Opening "QGD: 3.Nc3"]
[ECO "D31"]
[Time "08:03:34"]
[TimeControl "2700+45"]

1. d4 d5 2. c4 e6 3. Nc3 f5 4. Nh3 Nf6 5. e3 c6 6. Be2 Bd6 7. f4 a6 8. a4 O-O 9.
O-O Qe7 10. c5 Bc7 11. b4 Nbd7 12. a5 Ne4 13. Nxe4 dxe4 14. g4 Nf6 15. g5 Nd5
16. Bd2 Bd7 17. Qe1 Be8 18. Qg3 Bg6 19. Nf2 Qf7 20. Nd1 Bh5 21. Qg2 Qg6 22. Rb1
Kh8 23. Nc3 h6 24. Nxd5 exd5 25. h4 Kh7 26. Be1 Rh8 27. Rb2 Raf8 28. Bxh5 Qxh5
29. Qg3 Bd8 30. Rg2 Kg8 31. g6 Rf6 32. Kh2 Kf8 33. Kh3 Ke8 34. Rfg1 Kd7 35. Qf2
Re8 36. Qe2 Qxe2 37. Rxe2 Ree6 38. h5 Rf8 39. Bh4 Bc7 40. Rf1 Ra8 41. Rc1 Rae8
42. Rec2 Bxf4 43. exf4 e3 44. Re2 Re4 45. Rce1 R8e6 46. Kg3 Ke8 47. Kf3 Rxd4 48.
Rxe3 Rde4 49. Rxe4 fxe4+ 50. Ke3 Kf8 51. Kd4 Re8 52. f5 Kg8 53. Ke3 Kf8 54. Rf1
Kg8 55. Rf4 Re5 56. Be1 Re8 57. Bc3 Rd8 58. f6 gxf6 59. Rxf6 Re8 60. Rf7 Rb8 61.
Rh7 {Black resigns} 1-0

[Event "Team 45 45 League T56"]
[Site "Internet Chess Club"]
[Date "2013.03.07"]
[Round "2"]
[White "HardWork"]
[Black "xwang1"]
[Result "0-1"]
[WhiteElo "2007"]
[BlackElo "2048"]
[Opening "Giuoco Pianissimo"]
[ECO "C50"]
[Time "19:03:45"]
[TimeControl "2700+45"]

1. e4 e5 2. Nf3 Nc6 3. Bc4 Bc5 4. d3 Nf6 5. O-O d6 6. Be3 Bxe3 7. fxe3 O-O 8.
Nbd2 Ne7 9. Qe1 Ng6 10. Qg3 c6 11. Bb3 a5 12. a4 b5 13. Nh4 Nxh4 14. Qxh4 Be6
15. Rf3 Bxb3 16. Nxb3 d5 17. exd5 Qxd5 18. e4 Qd6 19. Rh3 bxa4 20. Rxa4 Rfb8 21.
Qe1 Rb4 22. Ra2 a4 23. Qc3 Rxe4 24. Rf3 Rg4 25. h3 Rg6 26. Qc5 Qe6 27. Ra1 Nd5
28. Nd2 Nf4 29. g4 Rxg4+ 30. Kf1 Rh4 31. Qe3 Rxh3 32. Rxh3 Qxh3+ 33. Qxh3 Nxh3
34. Nc4 f6 35. Nb6 Rb8 36. Nxa4 g5 37. b3 Kf7 38. Nc5 Rb5 39. Ne4 Rb6 40. Ra7+
Kg6 41. Rd7 c5 42. Nxc5 h5 43. Rb7 Rc6 44. b4 h4 45. c4 Nf4 46. Kg1 g4 47. Ne4
Ra6 48. b5 Ra1+ 49. Kf2 Ra2+ 50. Ke1 g3 51. Nd2 Rxd2 52. Kxd2 g2 53. Kc3 g1=Q
54. Rd7 Ne2+ 55. Kb4 h3 56. c5 h2 57. b6 h1=Q 58. b7 Qb1+ 59. Ka5 Nc3 60. Ka6
Qc6+ {White resigns} 0-1

[Event "Team 45 45 League T56"]
[Site "Internet Chess Club"]
[Date "2013.03.01"]
[Round "2"]
[White "PhoebeXYZ"]
[Black "cesaralexander"]
[Result "1-0"]
[WhiteElo "2041"]
[BlackElo "1961"]
[Opening "French: advance variation"]
[ECO "C02"]
[Time "12:23:43"]
[TimeControl "2700+45"]

1. e4 e6 2. d4 d5 3. e5 c5 4. c3 Qb6 5. Nf3 Nc6 6. a3 cxd4 7. cxd4 Nh6 8. Nc3
Nf5 9. Na4 Qd8 10. b4 Be7 11. Bb2 O-O 12. Bd3 f6 13. b5 Na5 14. Rc1 Bd7 15. O-O
Nc4 16. Rxc4 dxc4 17. Bxc4 Kh8 18. Qb3 a6 19. Bxe6 axb5 20. Bxd7 bxa4 21. Bxa4
fxe5 22. Nxe5 Nd6 23. Qh3 Rxa4 24. Ng6+ Kg8 25. Qb3+ Rf7 26. Nxe7+ Qxe7 27. Qxa4
Qe2 28. Bc1 Ne4 29. Be3 Nc3 30. Qa8+ Rf8 31. Qxb7 Qxe3 32. Qb3+ Kh8 33. Qb4 Qxd4
34. Qxf8# {Black checkmated} 1-0

[Event "Team 45 45 League T56"]
[Site "Internet Chess Club"]
[Date "2013.02.28"]
[Round "2"]
[White "QuieroAprender"]
[Black "Freitac"]
[Result "1-0"]
[WhiteElo "1636"]
[BlackElo "1791"]
[Opening "Grünfeld: modern exchange variation"]
[ECO "D85"]
[Time "18:37:04"]
[TimeControl "2700+45"]

1. d4 Nf6 2. c4 g6 3. Nc3 d5 4. cxd5 Nxd5 5. e4 Nxc3 6. bxc3 Bg7 7. Nf3 c5 8.
Rb1 O-O 9. Be2 b6 10. O-O Bb7 11. e5 cxd4 12. cxd4 Bd5 13. Qa4 Nc6 14. Be3 Qd7
15. Rfc1 Nxe5 16. Qxd7 Nxd7 17. a4 e5 18. dxe5 Nxe5 19. Nxe5 Bxe5 20. Rb5 Rad8
21. Rd1 Bc4 22. Rxd8 Rxd8 23. Bxc4 Rd1+ 24. Bf1 Bxh2+ 25. Kxh2 Rxf1 26. a5 Rd1
27. axb6 axb6 28. Rxb6 Rd5 29. g4 Kg7 30. Kg3 h5 31. g5 Kf8 32. Rc6 Ke8 33. Rc5
Rd1 34. Rc1 Rd5 35. Rc7 Rf5 36. Rc5 Rxc5 37. Bxc5 Kd7 38. f4 Ke6 39. Kf3 f6 40.
gxf6 Kxf6 41. Be3 Kf5 42. Kg3 Ke4 43. Bc1 Kd3 44. Kf3 Kc2 45. Be3 Kd3 46. Bf2
Kd2 47. Ke4 Ke2 48. Bh4 Kd2 49. Ke5 Ke3 50. Bg5 Kf3 51. Be7 Kg3 52. Bd6 {Black
resigns} 1-0

[Event "Team 45 45 League T56"]
[Site "Internet Chess Club"]
[Date "2013.03.04"]
[Round "2"]
[White "badmove"]
[Black "evan7284"]
[Result "0-1"]
[WhiteElo "1633"]
[BlackElo "1649"]
[Opening "QGD: 3.Nc3"]
[ECO "D31"]
[Time "17:22:31"]
[TimeControl "2700+45"]

1. d4 d5 2. c4 e6 3. Nc3 f5 4. g3 c6 5. Bg2 Nf6 6. Nh3 Bd6 7. Bf4 O-O 8. O-O Qe7
9. Bxd6 Qxd6 10. b3 Ne4 11. Qc2 Nd7 12. cxd5 exd5 13. f3 Nxc3 14. Qxc3 Nf6 15.
Rae1 Re8 16. Nf4 b6 17. Nd3 Bb7 18. Bh3 g6 19. Ne5 Rac8 20. b4 c5 21. bxc5 bxc5
22. dxc5 Qxe5 23. Qa5 Qe3+ 24. Kh1 Qxc5 25. Qd2 Qe3 26. Qb2 Qb6 27. Qd2 d4 28.
Rc1 Rxc1 29. Qxc1 Qa6 30. Qd1 Qxe2 {White resigns} 0-1

[Event "Team 45 45 League T56"]
[Site "Internet Chess Club"]
[Date "2013.02.28"]
[Round "2"]
[White "g8wrb"]
[Black "houseofcook"]
[Result "1/2-1/2"]
[WhiteElo "1403"]
[BlackElo "1435"]
[Opening "QGD: classical variation (5.Bf4)"]
[ECO "D37"]
[Time "13:03:58"]
[TimeControl "2700+45"]

1. d4 Nf6 2. c4 e6 3. Nc3 d5 4. Nf3 Be7 5. Bf4 O-O 6. e3 Nbd7 7. h3 a6 8. Bd3
dxc4 9. Bxc4 b5 10. Bd3 Bb7 11. O-O c5 12. Re1 cxd4 13. exd4 Nd5 14. Nxd5 Bxd5
15. Be4 Nf6 16. Bxd5 Nxd5 17. Be5 Rc8 18. Rc1 Qd7 19. Qd3 Rxc1 20. Rxc1 Rc8 21.
Qd1 Rc6 22. Nd2 Qc8 23. Nb3 Rxc1 24. Qxc1 Qxc1+ 25. Nxc1 f6 26. Bb8 {Game drawn
by mutual agreement} 1/2-1/2

[Event "Team 45 45 League T56"]
[Site "Internet Chess Club"]
[Date "2013.03.02"]
[Round "2"]
[White "MateIn42"]
[Black "matthewc"]
[Result "1-0"]
[WhiteElo "1365"]
[BlackElo "1351"]
[Opening "Sicilian"]
[ECO "B54"]
[Time "17:06:42"]
[TimeControl "2700+45"]

1. e4 c5 2. Nf3 d6 3. d4 cxd4 4. Nxd4 Nc6 5. Nc3 e5 6. Nf3 Nf6 7. Be2 Be7 8. O-O
Bg4 9. Bg5 h6 10. Bxf6 gxf6 11. Nh4 h5 12. Nf5 Rg8 13. Nh6 Rg6 14. Nxg4 hxg4 15.
Bxg4 Nd4 16. Nd5 f5 {Black resigns} 1-0

[Event "Team 45 45 League T56"]
[Site "Internet Chess Club"]
[Date "2013.03.03"]
[Round "2"]
[White "guyd52"]
[Black "Visin"]
[Result "1/2-1/2"]
[WhiteElo "1335"]
[BlackElo "1406"]
[Opening "Réti opening"]
[ECO "A04"]
[Time "07:00:16"]
[TimeControl "2700+45"]

1. Nf3 d6 2. g3 e5 3. d3 Nf6 4. Bg2 Nc6 5. O-O Be7 6. e4 Bg4 7. Be3 Qd7 8. b3
O-O 9. c4 h6 10. Qd2 Bxf3 11. Bxf3 Nh7 12. Qe2 Bg5 13. Bg4 Qe7 14. Nd2 Bxe3 15.
Qxe3 Nd4 16. Rac1 f5 17. Bxf5 Nxf5 18. exf5 Rxf5 19. Qe4 Qf7 20. Qxb7 Rf8 21.
Qg2 Ng5 22. f3 Nxf3+ 23. Nxf3 Rxf3 24. Rxf3 Qxf3 25. Qxf3 Rxf3 26. Rd1 Kf7 27.
Kg2 Rf6 28. Rf1 Ke6 29. Rxf6+ gxf6 30. Kf3 d5 31. h4 f5 32. c5 e4+ 33. Ke3 Ke5
34. b4 d4+ 35. Ke2 h5 36. a3 a6 37. a4 Kd5 38. Kd2 Kc6 39. Ke2 a5 40. bxa5 Kxc5
41. a6 Kb6 42. a7 Kxa7 43. dxe4 fxe4 44. g4 d3+ 45. Kf2 c5 46. g5 c4 47. g6 c3
48. g7 c2 49. g8=Q c1=Q 50. Qf7+ Kb6 51. Qb3+ Kc5 52. Qb5+ {Game drawn by mutual
agreement} 1/2-1/2

[Event "Team 45 45 League T56"]
[Site "Internet Chess Club"]
[Date "2013.03.03"]
[Round "2"]
[White "Goldenberg"]
[Black "rom1"]
[Result "1-0"]
[WhiteElo "1600"]
[BlackElo "1509"]
[Opening "Alekhine's defense: Scandinavian variation"]
[ECO "B02"]
[Time "14:00:33"]
[TimeControl "2700+45"]

1. e4 Nf6 2. Nc3 d5 3. e5 d4 4. exf6 dxc3 5. fxg7 cxd2+ 6. Qxd2 Qxd2+ 7. Bxd2
Bxg7 8. O-O-O Bd7 9. Nf3 a6 10. Bf4 c6 11. Bc4 O-O 12. Bxb8 Bg4 13. Bf4 e5 14.
Be3 e4 15. h3 Bf5 16. g4 Bg6 17. Nh4 b5 18. Bf1 Rad8 19. Bg2 Rfe8 20. Rxd8 Rxd8
21. Nxg6 hxg6 22. Bxe4 Rd6 23. Rd1 Be5 24. Rxd6 Bxd6 25. Bxc6 b4 26. Kd2 Be5 27.
c3 a5 28. cxb4 axb4 29. b3 f5 30. gxf5 gxf5 31. Bc5 Bc3+ 32. Ke3 Kf7 33. Kf4 Kf6
34. Bd7 Be5+ 35. Ke3 Bc3 36. Bd4+ Kg5 37. Bxc3 bxc3 38. Kd3 {Black resigns} 1-0

[Event "Team 45 45 League T56"]
[Site "Internet Chess Club"]
[Date "2013.03.01"]
[Round "2"]
[White "Tjet"]
[Black "DeltaChess"]
[Result "1-0"]
[WhiteElo "1480"]
[BlackElo "1303"]
[Opening "English opening"]
[ECO "A20"]
[Time "19:00:15"]
[TimeControl "2700+45"]

1. c4 e5 2. g3 Nc6 3. Bg2 d6 4. e4 Be6 5. d3 Qd7 6. Nc3 Nd4 7. Be3 c5 8. Bxd4
exd4 9. Nd5 Ne7 10. Nf4 Rc8 11. Nxe6 fxe6 12. Bh3 Nc6 13. Ne2 Be7 14. Nf4 Nd8
15. Qg4 O-O 16. Nxe6 Nxe6 17. Qxe6+ Qxe6 18. Bxe6+ Kh8 19. Bxc8 Rxc8 20. O-O a6
21. f4 b5 22. cxb5 axb5 23. b3 Rd8 24. a4 b4 25. a5 Ra8 26. a6 Bd8 27. e5 Bc7
28. e6 Bb6 29. e7 Ba7 30. Rfe1 Re8 31. Ra5 Kg8 32. Rb5 Kf7 33. Rb7 Bb8 34. a7
Bxa7 35. Rxa7 Kf6 36. Kf2 h6 37. Rb7 g6 38. g4 g5 39. f5 Kf7 40. Re6 d5 41. Rxh6
c4 42. bxc4 dxc4 43. dxc4 Rxe7 44. Rh7+ {Black resigns} 1-0

[Event "Team 45 45 League T56"]
[Site "Internet Chess Club"]
[Date "2013.03.03"]
[Round "2"]
[White "blackphantom888"]
[Black "Fogbound"]
[Result "1-0"]
[WhiteElo "1388"]
[BlackElo "1191"]
[Opening "Caro-Kann: exchange variation"]
[ECO "B13"]
[Time "09:00:22"]
[TimeControl "2700+45"]

1. e4 c6 2. d4 d5 3. exd5 cxd5 4. Nf3 Nc6 5. Nc3 Nf6 6. Bf4 Bg4 7. h3 Bh5 8. g4
Bg6 9. Nb5 e5 10. dxe5 Bb4+ 11. c3 Ba5 12. exf6 O-O 13. fxg7 Re8+ 14. Be2 Be4
15. Kf1 Bxf3 16. Bxf3 Ne5 17. Bxe5 Rxe5 18. Kg2 Bb6 19. Re1 Qf6 20. Rxe5 Qxe5
21. Qxd5 Qf6 22. Qxb7 Re8 23. Qc6 Re2 24. Qxf6 Rxf2+ 25. Kg3 Rd2 26. Rf1 Rxb2
27. Bd5 {Black resigns} 1-0

[Event "Team 45 45 League T56"]
[Site "Internet Chess Club"]
[Date "2013.03.01"]
[Round "2"]
[White "wekabird"]
[Black "Littlemon"]
[Result "0-1"]
[WhiteElo "1068"]
[BlackElo "1338"]
[Opening "English: Sicilian reversed"]
[ECO "A25"]
[Time "19:00:10"]
[TimeControl "2700+45"]

1. c4 e5 2. Nc3 Nc6 3. e4 Nf6 4. h3 Bc5 5. Nf3 d6 6. g3 Be6 7. b3 h6 8. Bg2 Qd7
9. Nh4 Nd4 10. Rb1 Bb6 11. d3 O-O 12. Be3 Rfe8 13. Bxd4 Bxd4 14. Rc1 Rab8 15.
Nf5 Bxf5 16. exf5 Qxf5 17. O-O Qg6 18. Qf3 Nh5 19. Ne2 Bb6 20. g4 Nf6 21. Ng3
Nd7 22. Qf5 Qxf5 23. gxf5 Nc5 24. b4 Nxd3 25. Rc2 Nxb4 26. Rb2 Nd3 27. Rd2 Nf4
28. Bh1 Nxh3+ 29. Kh2 Nxf2 30. Nh5 Ng4+ 31. Kg3 Ne3 32. Rf3 Nxc4 33. Rh2 e4 34.
Rf4 e3 35. Rxc4 e2 36. Rxe2 Rxe2 37. Re4 Rxe4 38. Bxe4 c6 39. f6 g6 40. Nf4 Bd4
41. a4 Bxf6 42. a5 Be5 43. a6 Bxf4+ 44. Kxf4 d5 45. Bd3 Kf8 46. axb7 Rxb7 47.
Ba6 Rc7 48. Ke5 Ke7 49. Kd4 c5+ 50. Kxd5 c4 51. Bxc4 Rxc4 {White resigns} 0-1

[Event "Team 45 45 League T56"]
[Site "Internet Chess Club"]
[Date "2013.03.03"]
[Round "2"]
[White "Berke"]
[Black "rahulr"]
[Result "0-1"]
[WhiteElo "1503"]
[BlackElo "1573"]
[Opening "Alekhine's defense: modern variation"]
[ECO "B04"]
[Time "14:01:12"]
[TimeControl "2700+45"]

1. e4 Nf6 2. e5 Nd5 3. d4 d6 4. Nf3 Bf5 5. Bc4 e6 6. Bb3 dxe5 7. dxe5 Nc6 8. O-O
Bc5 9. Qe2 Qe7 10. Bg5 Qd7 11. Rd1 h6 12. Be3 Bxe3 13. fxe3 Bg4 14. Nbd2 Qe7 15.
c4 Nb6 16. h3 Bh5 17. g4 Bg6 18. c5 Qxc5 19. Rac1 Qe7 20. Qb5 O-O 21. Nc4 a6 22.
Qxc6 bxc6 23. Nxb6 cxb6 24. Rxc6 {White resigns} 0-1

[Event "Team 45 45 League T56"]
[Site "Internet Chess Club"]
[Date "2013.03.03"]
[Round "2"]
[White "Check101"]
[Black "Elalfer"]
[Result "1/2-1/2"]
[WhiteElo "1601"]
[BlackElo "1400"]
[Opening "Sicilian: Alapin's variation (2.c3)"]
[ECO "B22"]
[Time "12:18:34"]
[TimeControl "2700+45"]

1. e4 c5 2. c3 Nc6 3. Nf3 d5 4. exd5 Qxd5 5. d4 Bg4 6. Be2 cxd4 7. cxd4 e5 8.
Nc3 Bb4 9. O-O Bxc3 10. bxc3 exd4 11. Re1 O-O-O 12. h3 Bh5 13. cxd4 Nge7 14. Bf4
Bxf3 15. Bxf3 Qxd4 16. Qxd4 Rxd4 17. Bg3 Rhd8 18. Rac1 Kd7 19. Be5 Nxe5 20. Rxe5
Nc6 21. Bg4+ Rxg4 22. Rd5+ Ke6 23. Rxd8 Rxg2+ 24. Kxg2 Nxd8 25. Kf3 Nc6 26. Ke4
g5 27. Rc5 h6 28. f4 f6 29. h4 a6 30. hxg5 hxg5 31. fxg5 fxg5 32. Rxg5 Kd6 33.
a3 Kc7 34. Rg7+ Kb6 35. Kd5 Na5 36. a4 Nc6 37. Kd6 {Game drawn by mutual
agreement} 1/2-1/2

[Event "Team 45 45 League T56"]
[Site "Internet Chess Club"]
[Date "2013.03.02"]
[Round "2"]
[White "QuimCatala"]
[Black "sockmonkey"]
[Result "0-1"]
[WhiteElo "1396"]
[BlackElo "1662"]
[Opening "Caro-Kann: advance variation"]
[ECO "B12"]
[Time "13:00:05"]
[TimeControl "2700+45"]

1. e4 c6 2. d4 d5 3. e5 Bf5 4. Nf3 e6 5. a3 Nd7 6. c4 dxc4 7. Bxc4 Nb6 8. Bb3
Ne7 9. Bg5 h6 10. Bh4 g5 11. Bg3 Bg4 12. h3 Bxf3 13. gxf3 Nf5 14. f4 Qxd4 15.
Qxd4 Nxd4 16. Bd1 O-O-O 17. Nc3 Nc4 18. b4 gxf4 19. Bxf4 Bg7 20. Rg1 Bxe5 21.
Bxe5 Nxe5 22. a4 Nef3+ 23. Kf1 Nxg1 24. Kxg1 Kc7 25. Rc1 e5 26. b5 c5 27. Ne4 b6
28. a5 f5 29. Nxc5 bxc5 30. Rxc5+ Kd6 31. Rc3 Nxb5 32. Rb3 Nd4 33. Rb7 Rd7 34.
Rb2 Rg7+ 35. Kf1 Rhg8 36. Ke1 Rg1+ 37. Kd2 Rf1 38. Kd3 Rxd1+ 39. Kc4 Rc8+ 40.
Kb4 Rb8+ 41. Kc3 Rxb2 42. Kxb2 Rd2+ 43. Kc3 Rxf2 44. Kd3 Rf3+ 45. Kd2 Rxh3 46.
a6 Rf3 47. Ke1 h5 48. Kd2 h4 49. Ke1 h3 50. Kd2 h2 51. Ke1 h1=Q+ 52. Kd2 Qg2+
{White resigns} 0-1

[Event "Team 45 45 League T56"]
[Site "Internet Chess Club"]
[Date "2013.03.03"]
[Round "2"]
[White "Conjurer"]
[Black "tamky70"]
[Result "1-0"]
[WhiteElo "1488"]
[BlackElo "1415"]
[Opening "English opening"]
[ECO "A10"]
[Time "19:30:17"]
[TimeControl "2700+45"]

1. c4 b6 2. Nc3 Bb7 3. Nf3 e6 4. e4 Bb4 5. d3 Bxc3+ 6. bxc3 c5 7. Bg5 Ne7 8. Be2
Nbc6 9. O-O h6 10. Bh4 d6 11. Qc2 g5 12. Bg3 Ng6 13. Nd2 Nf4 14. Bd1 Ne5 15. d4
cxd4 16. cxd4 Neg6 17. d5 O-O 18. f3 Qf6 19. Rb1 e5 20. Re1 Nh5 21. Bf2 Ngf4 22.
Nf1 Bc8 23. Ne3 Qg6 24. g4 Nf6 25. Nf5 Bxf5 26. exf5 Qg7 27. Be3 Nd7 28. Kf2 f6
29. Kg3 h5 30. Bxf4 exf4+ 31. Kg2 Ne5 32. h3 h4 33. Qc3 Qc7 34. Ba4 Rab8 35.
Rec1 Qc5 36. Rb5 Qe3 37. Qxe3 fxe3 38. Bd1 a6 39. Rb3 Rbc8 40. Be2 b5 41. Rbc3
bxc4 42. Bxc4 Nxc4 43. Rxc4 e2 44. Rxc8 e1=Q 45. Rxe1 Rxc8 46. Kf2 Kf7 47. a4
Rc5 48. Rd1 Ke7 49. Ke3 Kd7 50. f4 Rc3+ 51. Ke4 Rxh3 52. fxg5 Rg3 53. Kf4 fxg5+
54. Kxg5 h3 55. Rh1 Rd3 56. Kh4 Rxd5 57. Rxh3 Ke7 58. Kg5 Re5 59. Rh7+ Kf8 60.
Ra7 a5 61. Kf6 Kg8 62. g5 Re8 63. Rg7+ Kh8 64. g6 d5 65. Rd7 Rf8+ 66. Ke5 d4 67.
Rxd4 Kg7 68. Rd7+ Kh6 69. g7 Re8+ 70. Kf6 Kh7 71. Kf7 Rg8 72. f6 Ra8 73. Re7 Rc8
74. Re8 Rc7+ 75. Kf8 {Black resigns} 1-0

[Event "Team 45 45 League T56"]
[Site "Internet Chess Club"]
[Date "2013.03.01"]
[Round "2"]
[White "Bible-Believer"]
[Black "nanning"]
[Result "1-0"]
[WhiteElo "1582"]
[BlackElo "1611"]
[Opening "Scotch game"]
[ECO "C45"]
[Time "15:00:44"]
[TimeControl "2700+45"]

1. e4 e5 2. Nf3 Nc6 3. d4 exd4 4. Nxd4 Bc5 5. Nxc6 Qf6 6. Qf3 Qxc6 7. Nc3 a6 8.
Bd3 Ne7 9. O-O d6 10. Bg5 f6 11. Bxf6 gxf6 12. Qxf6 Rf8 13. Qh6 d5 14. Qxc6+
bxc6 15. exd5 Nxd5 16. Rae1+ Kd7 17. Nxd5 cxd5 18. Bxh7 Rb8 19. b3 Kd6 20. h3 a5
21. Rd1 Ba6 22. Bd3 Bc8 23. g4 Rg8 24. Kg2 Bxg4 25. hxg4 Rxg4+ 26. Kf3 Rg5 27.
Kf4 Rg7 28. Bf5 Rf7 29. Rde1 Rb4+ 30. Kg5 c6 31. Re6+ Kc7 32. Kg6 Rf8 33. f4
Rbb8 34. Kg5 Rg8+ 35. Bg6 Be3 36. Rxe3 {Black resigns} 1-0